 Dungeon Crawl Stone Soup version 0.30-a0-883-g5ad918d77d (webtiles) character file.

Game seed: 16112182042419126808

19729 Jeffwins the Skirmisher (level 13, -11/79 HPs)
             Began as a Human Wanderer on Mar 16, 2023.
             Was a High Priest of Okawaru.
             Mangled by a large slime creature (26 damage)
             ... in an ice cave.
             The game lasted 00:29:59 (15735 turns).

Jeffwins the Skirmisher (Human Wanderer)           Turns: 15735, Time: 00:29:59

Health: -11/79     AC: 12    Str: 13      XL:     13   Next: 6%
Magic:  21/23      EV: 20    Int: 13 (15) God:    Okawaru [*****.]
Gold:   415        SH:  0    Dex: 21 (22) Spells: 8/26 levels left

rFire   x . .      SeeInvis .    t - +3 arbalest
rCold   + . .      Faith    .    (shield currently unavailable)
rNeg    . . .      Spirit   .    W - +0 troll leather armour
rPois   +          Reflect  .    G - +3 helmet "Jeacs" {rPois Dex+7}
rElec   .          Rampage  .    z - +0 cloak
rCorr   .                        (no gloves)
Will    .....                    N - +0 pair of boots {Stlth+}
Stlth   ++++++                   (no amulet)
HPRegen 1.13/turn                C - ring of ice
MPRegen 0.18/turn                E - +5 ring of evasion

@: heroic
A: deterioration 1
a: Renounce Religion, Heroism, Finesse, Duel


You were in an ice cave.
You worshipped Okawaru.
Okawaru was extremely pleased with you.
You visited 2 branches of the dungeon, and saw 13 of its levels.
You also visited: Ossuary and Ice Cave.

You collected 695 gold pieces.
You spent 280 gold pieces at shops.


Innate Abilities, Weirdness & Mutations

Your body sometimes deteriorates upon taking damage.


   Skills:
 * Level 11.7(16.7) Ranged Weapons
 - Level 2.0(7.0) Armour
 - Level 5.0(10.0) Stealth
 + Level 7.1 Spellcasting
 + Level 6.2 Conjurations
 + Level 7.9 Transmutations
 - Level 6.0 Air Magic
 - Level 6.0 Poison Magic
 - Level 8.0 Invocations


You had 8 spell levels left.
You knew the following spells:

 Your Spells              Type           Power      Damage    Failure   Level
a - Passwall              Tmut/Erth      11%        N/A       5%          2
e - Beastly Appendage     Tmut           50%        N/A       1%          1
i - Swiftness             Air            20%        N/A       4%          3
m - Mephitic Cloud        Conj/Pois/Air  20%        N/A       4%          3
r - Irradiate             Conj/Tmut      11%        3d15      28%         5
x - Wereblood             Tmut           25%        N/A       1%          2
z - Poisonous Vapours     Pois/Air       40%        N/A       2%          2

Your spell library contained the following spells:

 Spells                   Type           Power      Damage    Failure   Level
 Magic Dart               Conj           80%        1d7       1%          1
 Spider Form              Tmut/Pois      22%        N/A       3%          3
 Cigotuvi's Dreadful Rot  Necr/Pois/Air  30%        N/A       5%          2
 Blade Hands              Tmut           12%        N/A       21%         5
 Ensorcelled Hibernation  Hex/Ice        12%        N/A       28%         2
 Sublimation of Blood     Necr           4%         N/A       28%         2
 Petrify                  Tmut/Erth      14%        N/A       36%         4
 Anguish                  Hex/Necr       2%         N/A       88%         4
 Iron Shot                Conj/Erth      6%         9d2       100%        6
 Call Imp                 Summ           Unusable   N/A       N/A         2
 Animate Armour           Summ/Erth      Unusable   N/A       N/A         4

Inventory:

Hand Weapons
 a - a +0 shortbow of flaming
 b - a +0 dagger of venom
 t - a +3 arbalest (weapon)
 y - a +2 flail of holy wrath
 J - the +8 scimitar of the Little People {flame, *Slow rElec Int+8 Dex-5}
   (You found it on level 12 of the Dungeon)

   Int:       It affects your intelligence (+8).
   Dex:       It affects your dexterity (-5).
   rElec:     It insulates you from electricity.
   *Slow:     It may slow you when you take damage.
 K - the +3 short sword "Ankedio" {flame, Int+2 Stlth+}
   (You found it on level 7 of the Dungeon)

   Int:       It affects your intelligence (+2).
   Stlth:     It makes you more stealthy.
 U - a +4 scimitar of flaming
Missiles
 O - 47 poisoned darts
 S - 10 curare-tipped darts {=f}
Armour
 o - +0 acid dragon scales
 x - a +1 buckler of fire resistance
 z - a +0 cloak (worn)
 D - the +0 scale mail "Dezehoen" {*Slow Fly Str+4}
   (You found it on level 6 of the Dungeon)

   Str:       It affects your strength (+4).
   Fly:       It grants you flight.
   *Slow:     It may slow you when you take damage.
 G - the +3 helmet "Jeacs" (worn) {rPois Dex+7}
   (You bought it in a shop on level 2 of the Dungeon)

   Dex:       It affects your dexterity (+7).
   rPois:     It protects you from poison.
 L - +0 steam dragon scales
 N - a +0 pair of boots of stealth (worn)
 P - a +2 robe of positive energy
 W - a +0 troll leather armour (worn)
Jewellery
 C - a ring of ice (left hand)
 E - a +5 ring of evasion (right hand)
 F - a ring of fire
 I - a +6 ring of intelligence
 Z - a ring of willpower
Wands
 R - a wand of flame (31)
Scrolls
 e - 2 scrolls of summoning
 f - 5 scrolls of amnesia
 g - a scroll of teleportation {@r4}
 j - 2 scrolls of silence {!r}
 n - a scroll of blinking
 r - a scroll of torment {!r}
 s - a scroll of identify {@r1}
 w - a scroll of poison {!r}
 A - 2 scrolls of vulnerability {!r}
 Q - a scroll of enchant armour
 V - 2 scrolls of fear
 X - a scroll of fog
 Y - a scroll of magic mapping
Potions
 c - 3 potions of invisibility
 d - 2 potions of cancellation {unknown}
 h - a potion of resistance
 i - 4 potions of might
 k - 7 potions of curing {@q1}
 l - 2 potions of mutation {!q}
 m - 4 potions of flight {unknown}
 q - 3 potions of heal wounds {@q2}
 u - 8 potions of attraction {!q}
 B - 2 potions of berserk rage {!q}
 H - a potion of lignification {!q}
 M - a potion of ambrosia {unknown}
Miscellaneous
 T - a lightning rod (2/4)

Dungeon Overview and Level Annotations

Branches:
Dungeon (12/15)            Temple (0/1) D:7            Lair (1/5) D:8
    Orc (0/2) D:10        Ossuary (visited)           IceCv (1/1)

Altars:
Ashenzari
Cheibriados
Hepliaklqana
Kikubaaqudgha
Okawaru
Qazlal
Trog
Vehumet
Xom

Shops:
D:2 *   D:4 ?=

Annotations:
IceCv exclusion: ice statue

####### ########## ##.....###
###.........### #........##
.............### =....#.....##
.....## ......#
........#.....###.....####.....
....#.⚑........J#......J.......
........#.....@JJ.....####.....
=....#......##########...JJ..#
##J.......##########........##
##.....######...........####
#######...............##
###.......#####.#####
#.......### ##.########
########....### #.........###
##.....###....###
###...........#


You could see a large slime creature and 2 slime creatures.


Message History

You shoot a bolt.
The bolt barely misses the slime creature.
The bolt hits the slime creature.
The slime creature is lightly wounded.
The slime creature closely misses you.
Fire: t) +3 arbalest
Press: ? - help, Q - select action, (/) - cycle Shift-Dir - straight line, f/p - slime creature
Aim: a slime creature (lightly wounded, 86% to hit)
You shoot a bolt. The bolt hits the slime creature!
The slime creature is moderately wounded.
The slime creature completely misses you.
The slime creature hits you.
* * * LOW HITPOINT WARNING * * *
Fire: t) +3 arbalest
Press: ? - help, Q - select action, (/) - cycle Shift-Dir - straight line, f/p - slime creature
Aim: a slime creature (moderately wounded, 86% to hit)
You shoot a bolt. The bolt hits the slime creature!
The slime creature is heavily wounded.
Two slime creatures merge to form a large slime creature.
The slime creature misses you.
Fire: t) +3 arbalest
Press: ? - help, Q - select action, (/) - cycle Shift-Dir - straight line, f/p - slime creature
Aim: a slime creature (heavily wounded, 86% to hit)
You shoot a bolt.
The bolt barely misses the slime creature.
The bolt hits the slime creature!!
The slime creature is moderately wounded.
The slime creature completely misses you.
The large slime creature hits you!!
You die...

Skill      XL: |  1  2  3  4  5  6  7  8  9 10 11 12 |
---------------+-------------------------------------+-----
Ranged Weapons | 3 4 5 6 7 8 10 11 | 11.7
Stealth        | 3 4 5 |  5.0
Invocations    | 2 3 4 5 6 7 8 |  8.0
Air Magic      | 1 2 3 4 5 6 |  6.0
Spellcasting   | 2 3 4 5 6 7 |  7.1
Transmutations | 3 4 5 6 7 |  7.9
Conjurations   | 1 3 4 6 |  6.2
Poison Magic   | 1 3 4 6 |  6.0
Armour         | |  2.0

Action                     |  1- 3 |  4- 6 |  7- 9 | 10-12 | 13-15 || total
---------------------------+-------+-------+-------+-------+-------++-------
  Melee: Arbalest          |       |       |       |     4 |       ||     4
   Fire: Shortbow          |    96 |   272 |   419 |   191 |       ||   978
         Arbalest          |       |       |       |   338 |    25 ||   363
   Cast: Beastly Appendage |       |     1 |       |       |       ||     1
         Wereblood         |       |       |     2 |       |       ||     2
         Poisonous Vapours |       |       |     5 |    94 |       ||    99
         Mephitic Cloud    |       |       |     2 |    10 |       ||    12
         Passwall          |       |       |       |     2 |       ||     2
         Irradiate         |       |       |       |     1 |       ||     1
 Invoke: Heroism           |       |       |       |     1 |     1 ||     2
         Finesse           |       |       |       |     1 |       ||     1
  Evoke: Wand              |       |       |       |     8 |       ||     8
         Lightning rod     |       |       |       |     7 |       ||     7
    Use: Scroll            |       |     7 |     9 |    12 |     1 ||    29
         Potion            |       |     1 |     4 |     7 |       ||    12
 Armour: Leather armour    |    11 |    11 |       |       |       ||    22
         Ring mail         |       |    71 |   161 |     8 |       ||   240
         Skin              |       |     1 |    33 |       |       ||    34
         Steam dragon scal |       |       |       |    52 |       ||    52
         Troll leather arm |       |       |       |    56 |       ||    56
  Dodge: Dodged            |    17 |   108 |   168 |   257 |     6 ||   556

Levels and vault maps discovered:
D:1:      amcnicky_arrival_single_pillar, layout_rooms, serial_forest,
          infiniplex_forest_clump_double, infiniplex_forest_zigzag_1,
          infiniplex_forest_lined_3, infiniplex_forest_clump_cross,
          infiniplex_forest_lined_corner, infiniplex_forest_clump_double,
          infiniplex_forest_clump_diagonal, infiniplex_forest_zigzag_2,
          ebering_ecumenical_altar_rust, minmay_door_square
D:2:      layout_basic, serial_rivers, chequers_serial_rivers_micro_d,
          chequers_serial_rivers_large_b, chequers_serial_rivers_large_a,
          chequers_serial_rivers_small_3, serial_shops,
          nicolae_shop_hallway_plus
D:3:      layout_loops_ring, st_stairs_11
D:4:      layout_gridville, nicolae_hepliaklqana_hippocampus, serial_shops,
          shop_fountains, nicolae_eternal_life,
          nicolae_concentric_dashed_squares_wild, hangedman_decor_points,
          amcnicky_mini_pool_small, st_stairs_13, nicolae_stop_n_shop_1,
          minmay_snake_closets
D:5:      layout_loops_cross, gammafunk_temple_overflow_claw,
          serial_bayou_pond_d, minmay_fractal_squares_diagonal_5,
          uniq_crazy_yiuf_cottage
D:6:      layout_gridville, nicolae_kikubaaqudgha_miasma_corner,
          enter_ossuary_1, sigmund_edmund_badplayer, uniq_blork_the_orc
D:7:      layout_rooms, minmay_temple_entry_arrows, uniq_prince_ribbit1,
          uniq_joseph
D:8:      layout_basic, lair_entry_dummy, serial_glass, glass_columns_c,
          glass_columns_a, glass_columns_c, glass_columns_b, glass_columns_b,
          glass_columns_a
D:9:      layout_basic, due_unseen_surprise, uniq_erica
D:10:     layout_cave_pods, ashenzari_conservatory_becter,
          mainiacjoe_overflow_cross_hatched, mainiacjoe_overflow_big_doors,
          kennysheep_orc_monster_closet_entryway, kennysheep_generic_room_9
D:11:     layout_rooms
D:12:     layout_roguey
Lair:1:   layout_gridlike, portal_ice_cave_demonic_guard,
          chequers_serial_rivers_small_b, chequers_serial_rivers_marsh
IceCv:    ice_cave_hellmonk_azure_passage

Notes
Turn   | Place    | Note
-------+----------+-------------------------------------------
     0 | D:1      | Jeffwins the Human Wanderer began the quest for the Orb.
     0 | D:1      | Jeffwins set off with the following items: a +0 shortbow, a
                  | +0 scale mail, a potion of invisibility; and the following
                  | spell memorised: Beastly Appendage; and the following
                  | spells available to memorise: Spider Form.
     0 | D:1      | Reached XP level 1. HP: 13/13 MP: 2/2
   123 | D:1      | Reached XP level 2. HP: 18/19 MP: 3/3
   179 | D:1      | Found a faded altar of an unknown god.
   192 | D:1      | Prayed at the altar of an unknown god.
   192 | D:1      | Became a worshipper of Warmaster Okawaru
   192 | D:1      | Reached * piety under Okawaru
   278 | D:1      | Reached XP level 3. HP: 24/24 MP: 4/4
   310 | D:1      | Reached skill level 3 in Ranged Weapons
  1262 | D:2      | Reached XP level 4. HP: 30/30 MP: 5/5
  1498 | D:2      | Learned a level 3 spell: Swiftness
  1526 | D:2      | Found Kimet's Assorted Antiques.
  2151 | D:3      | Reached skill level 3 in Stealth
  2441 | D:3      | Reached skill level 2 in Invocations
  2441 | D:3      | Reached XP level 5. HP: 13/35 MP: 6/6
  2675 | D:3      | Reached skill level 1 in Air Magic
  3013 | D:4      | Found Ezak's Magic Scroll Shoppe.
  3358 | D:4      | Reached skill level 4 in Ranged Weapons
  3726 | D:4      | Found a hazy altar of Hepliaklqana.
  3766 | D:4      | Reached XP level 6. HP: 12/41 MP: 8/8
  3960 | D:2      | Bought a scroll of identify for 42 gold pieces
  3960 | D:2      | Bought a scroll labelled YMOTAEFEMA for 21 gold pieces
  3960 | D:2      | Bought a dark potion for 18 gold pieces
  4076 | D:4      | Reached ** piety under Okawaru
  4408 | D:4      | Found Ikhlay's Jewellery Emporium.
  4668 | D:4      | Reached skill level 2 in Air Magic
  4744 | D:4      | Reached XP level 7. HP: 46/46 MP: 9/9
  4782 | D:5      | Entered Level 5 of the Dungeon
  4788 | D:5      | Reached skill level 2 in Spellcasting
  4791 | D:5      | Reached skill level 3 in Invocations
  4876 | D:5      | Learned a level 2 spell: Wereblood
  4912 | D:5      | Found a runed translucent door.
  4913 | D:5      | Noticed Crazy Yiuf
  5092 | D:5      | Reached skill level 5 in Ranged Weapons
  5105 | D:5      | Reached skill level 4 in Stealth
  5215 | D:5      | Noticed a water moccasin
  5253 | D:5      | Killed a water moccasin
  5267 | D:5      | Reached XP level 8. HP: 27/52 MP: 11/11
  5672 | D:5      | Found a bloodstained altar of Trog.
  5672 | D:5      | Found a snail-covered altar of Cheibriados.
  5673 | D:5      | Found a shimmering altar of Xom.
  6196 | D:5      | Killed Crazy Yiuf
  6197 | D:5      | Reached skill level 3 in Air Magic
  6370 | D:6      | Noticed Blork the orc
  6381 | D:6      | Killed Blork the orc
  6381 | D:6      | Reached *** piety under Okawaru
  6536 | D:6      | Found a sand-covered staircase.
  6542 | Ossuary  | Entered an ossuary
  6556 | Ossuary  | Reached skill level 4 in Invocations
  6590 | Ossuary  | Reached skill level 6 in Ranged Weapons
  6590 | Ossuary  | Reached skill level 3 in Transmutations
  6668 | Ossuary  | Reached skill level 3 in Spellcasting
  6909 | D:6      | Identified a potion of resistance
  7129 | D:6      | Reached XP level 9. HP: 38/57 MP: 13/13
  7243 | D:6      | Identified the +0 scale mail "Dezehoen" {*Slow Fly Str+4}
  7253 | D:6      | Reached skill level 5 in Stealth
  7374 | D:6      | Noticed Sigmund
  7375 | D:6      | Noticed Edmund
  7382 | D:6      | Reached **** piety under Okawaru
  7383 | D:6      | Reached skill level 4 in Air Magic
  7388 | D:6      | Reached skill level 7 in Ranged Weapons
  7388 | D:6      | Reached skill level 4 in Transmutations
  7391 | D:6      | Reached skill level 5 in Invocations
  7391 | D:6      | Killed Edmund
  7575 | D:5      | Reached skill level 4 in Spellcasting
  7705 | D:6      | Killed Sigmund
  7754 | D:6      | Learned a level 3 spell: Mephitic Cloud
  7788 | D:6      | Learned a level 2 spell: Poisonous Vapours
  7813 | D:6      | Found an ancient bone altar of Kikubaaqudgha.
  8253 | D:2      | Bought a heavily runed helmet for 199 gold pieces
  8253 | D:2      | Identified the +3 helmet "Jeacs" {rPois Dex+7} (You bought
                  | it in a shop on level 2 of the Dungeon)
  8501 | D:7      | Noticed Prince Ribbit
  8519 | D:7      | Killed Prince Ribbit
  8520 | D:7      | Reached skill level 1 in Conjurations
  8520 | D:7      | Reached skill level 1 in Poison Magic
  8520 | D:7      | Reached XP level 10. HP: 28/63 MP: 5/16
  8636 | D:7      | Noticed Joseph
  8648 | D:7      | Killed Joseph
  8649 | D:7      | Reached skill level 8 in Ranged Weapons
  8798 | D:7      | Reached skill level 5 in Air Magic
  8917 | D:7      | Reached skill level 2 in Conjurations
  8989 | D:7      | Identified the +3 short sword "Ankedio" {flame, Int+2
                  | Stlth+}
  9004 | D:7      | Found a staircase to the Ecumenical Temple.
  9031 | D:7      | Reached skill level 2 in Poison Magic
  9031 | D:7      | Reached skill level 6 in Invocations
  9073 | D:7      | Reached skill level 5 in Transmutations
  9226 | D:7      | Reached ***** piety under Okawaru
  9738 | D:7      | You fall into a shaft and drop 1 floor!
  9830 | D:8      | Found a staircase to the Lair.
 10404 | D:8      | Reached skill level 5 in Spellcasting
 10649 | D:8      | Reached skill level 3 in Conjurations
 10965 | D:9      | Reached skill level 3 in Poison Magic
 11106 | D:9      | Learned a level 2 spell: Passwall
 11174 | D:9      | Noticed Erica
 11185 | D:9      | Reached XP level 11. HP: 68/68 MP: 9/18
 11188 | D:9      | Reached skill level 9 in Ranged Weapons
 11209 | D:9      | Killed Erica
 11917 | D:10     | Entered Level 10 of the Dungeon
 11962 | D:10     | Found a stormy altar of Qazlal.
 11969 | D:10     | Received a gift from Okawaru
 11974 | D:10     | Reached skill level 6 in Air Magic
 12076 | D:10     | Noticed a two-headed ogre
 12083 | D:10     | Killed a two-headed ogre
 12084 | D:10     | Reached skill level 6 in Transmutations
 12084 | D:10     | Reached skill level 7 in Invocations
 12508 | D:10     | Reached skill level 4 in Conjurations
 12524 | D:10     | Reached skill level 4 in Poison Magic
 12668 | D:10     | Found a broken altar of Ashenzari.
 12816 | D:10     | Found a staircase to the Orcish Mines.
 12832 | D:10     | Reached skill level 10 in Ranged Weapons
 13182 | D:10     | Found a radiant altar of Vehumet.
 13204 | D:10     | Found an iron altar of Okawaru.
 13427 | D:11     | Received a gift from Okawaru
 13437 | D:11     | Noticed a two-headed ogre
 13457 | D:11     | HP: 5/68 [two-headed ogre/+0 giant club (2)]
 13460 | D:11     | Killed a two-headed ogre
 13461 | D:11     | Reached skill level 6 in Spellcasting
 13461 | D:11     | Reached XP level 12. HP: 34/74 MP: 2/21
 14377 | D:12     | Reached skill level 5 in Conjurations
 14396 | D:12     | Reached skill level 5 in Poison Magic
 14448 | D:12     | Reached skill level 8 in Invocations
 14450 | D:12     | Reached skill level 7 in Transmutations
 14454 | D:12     | Identified the +8 scimitar of the Little People {flame,
                  | *Slow rElec Int+8 Dex-5}
 14931 | Lair:1   | Entered Level 1 of the Lair of Beasts
 15068 | Lair:1   | Found a frozen archway.
 15125 | IceCv    | Entered an ice cave
 15136 | IceCv    | Reached skill level 11 in Ranged Weapons
 15175 | IceCv    | Learned a level 5 spell: Irradiate
 15370 | IceCv    | Noticed a quicksilver ooze
 15373 | IceCv    | Killed a quicksilver ooze
 15412 | IceCv    | Found a viscous altar of Jiyva.
 15412 | IceCv    | Noticed an azure jelly
 15412 | IceCv    | Noticed an azure jelly
 15430 | IceCv    | Gained mutation: Your body sometimes deteriorates upon
                  | taking damage. [mutagenic glow]
 15510 | IceCv    | Reached ****** piety under Okawaru
 15510 | IceCv    | Received a gift from Okawaru
 15680 | IceCv    | Killed an azure jelly
 15681 | IceCv    | Reached skill level 7 in Spellcasting
 15681 | IceCv    | Reached skill level 6 in Conjurations
 15681 | IceCv    | Reached skill level 6 in Poison Magic
 15701 | IceCv    | Reached XP level 13. HP: 33/79 MP: 19/23
 15721 | IceCv    | Received a gift from Okawaru
 15735 | IceCv    | Mangled by a large slime creature

Vanquished Creatures
  An azure jelly (IceCv)
  A quicksilver ooze (IceCv)
  Erica (D:9)
  2 two-headed ogres
  A deep elf pyromancer (D:12)
  An ugly thing (D:12)
  An ice statue (IceCv)
  Joseph (D:7)
  A black mamba (Lair:1)
  A gargoyle (D:12)
  3 kobold demonologists (D:10)
  A komodo dragon (Lair:1)
  2 ice devils (Lair:1)
  3 trolls
  Prince Ribbit (D:7)
  2 hornets
  A vampire (D:12)
  Sigmund (D:6)
  12 slime creatures (IceCv)
  10 yaks
  2 shadows
  A wraith (D:9)
  3 steam dragons
  Edmund (D:6)
  2 acid dragons
  2 water moccasins
  7 orc warriors
  2 sky beasts (D:7)
  3 great orb of eyes simulacra (IceCv)
  3 ogres
  A black bear (D:5)
  3 centaurs (D:8)
  2 slime creature simulacra (IceCv)
  7 kobold brigands
  4 bullfrogs
  Blork the orc (D:6)
  4 gnoll sergeants
  2 scorpions
  3 glowing shapeshifter simulacra (IceCv)
  3 water moccasin zombies (Ossuary)
  9 wights
  14 killer bees
  10 howler monkeys
  4 orc priests
  A gnoll bouda (D:6)
  Crazy Yiuf (D:5)
  A hound (D:5)
  2 jellies (D:5)
  5 iguanas
  5 orc wizards
  6 sleepcaps
  6 shapeshifter simulacra (IceCv)
  2 mummies (Ossuary)
  20 adders
  11 gnolls
  A shadow imp (D:6)
  2 white imps
  6 adder zombies (Ossuary)
  3 worms
  2 dart slugs
  33 orcs
  6 endoplasms
  4 giant cockroaches
  10 goblins
  10 hobgoblins
  9 jackals
  24 kobolds
  5 quokkas
  12 ball pythons
  3 bats
  A frilled lizard (D:3)
  4 gnoll zombies (Ossuary)
  3 hobgoblin zombies (Ossuary)
  5 kobold zombies (Ossuary)
  6 orc zombies (Ossuary)
  8 rats
357 creatures vanquished.

Vanquished Creatures (others)
  17 fungi
  3 plants (D:1)
20 creatures vanquished.

Grand Total: 377 creatures vanquished

Table legend: (Time is in decaauts)
 A = Elapsed time spent in this place.
 B = Non-inter-level travel time spent in this place.
 C = Inter-level travel time spent in this place.
 D = Time resting spent in this place.
 E = Time spent auto-exploring this place.
 F = Levels seen in this place.
 G = Mean time per level.
                   A        B        C        D        E       F      G
               +--------+--------+--------+--------+--------+-----+--------+
         Total |  16212 |  15254 |    958 |   1299 |  10776 |  15 | 1080.8 |
       Dungeon |  14974 |  14016 |    958 |   1210 |  10181 |  12 | 1247.8 |
          Lair |    202 |    202 |      0 |     48 |     92 |   1 |  202.0 |
       Ossuary |    398 |    398 |      0 |      0 |    209 |   1 |  398.0 |
      Ice Cave |    636 |    636 |      0 |     41 |    294 |   1 |  636.0 |
               +--------+--------+--------+--------+--------+-----+--------+

Top non-repeatable levels by time:
     D:5: 1962 daAuts
     D:4: 1728 daAuts
    D:10: 1515 daAuts
     D:6: 1479 daAuts
     D:2: 1434 daAuts
     D:7: 1300 daAuts
     D:8: 1093 daAuts
     D:3: 1069 daAuts
     D:9: 992 daAuts
     D:1: 879 daAuts
    D:11: 802 daAuts
    D:12: 718 daAuts
   IceCv: 636 daAuts
 Ossuary: 398 daAuts
  Lair:1: 202 daAuts

Table legend:
 A = Non-vault XP
 B = Vault XP
 C = Vault XP percentage of total XP
 D = Non-vault monster count
 E = Vault monster count
 F = Vault count percentage of total count
                 A         B        C        D         E       F
            +---------+---------+-------+---------+---------+-------
      Total |   18217 |    9968 |  35.4 |     254 |     103 |  28.9
            +---------+---------+-------+---------+---------+-------
        D:1 |      42 |       0 |   0.0 |      25 |       0 |   0.0
        D:2 |      52 |       1 |   1.9 |      22 |       1 |   4.3
        D:3 |      87 |       4 |   4.4 |      27 |       3 |  10.0
        D:4 |     241 |     100 |  29.3 |      17 |      12 |  41.4
        D:5 |     802 |     244 |  23.3 |      16 |       9 |  36.0
        D:6 |    1450 |     478 |  24.8 |      25 |       3 |  10.7
        D:7 |    1687 |     760 |  31.1 |      19 |       2 |   9.5
        D:8 |    1188 |       0 |   0.0 |      13 |       0 |   0.0
        D:9 |    1200 |     831 |  40.9 |      18 |       1 |   5.3
       D:10 |    2813 |    1520 |  35.1 |      27 |      20 |  42.6
       D:11 |    2973 |       0 |   0.0 |      24 |       0 |   0.0
       D:12 |    2615 |       0 |   0.0 |      10 |       0 |   0.0
     Lair:1 |     986 |     692 |  41.2 |       3 |       2 |  40.0
    Ossuary |       0 |     320 | 100.0 |       0 |      29 | 100.0
      IceCv |    2081 |    5018 |  70.7 |       8 |      21 |  72.4
            +---------+---------+-------+---------+---------+-------
